 Dungeon Crawl Stone Soup version 0.31-a0-185-g9dded2c639 (webtiles) character file.

Game seed: 6722387542864645184

187 qw the Skirmisher (level 5, -3/29 HPs)
             Began as a Deep Elf Hunter on June 22, 2023.
             Slain by Terence
             ... wielding a +0 trident
              (5 damage)
             ... on level 3 of the Dungeon.
             The game lasted 00:00:43 (1880 turns).

qw the Skirmisher (Deep Elf Hunter)                 Turns: 1880, Time: 00:00:44

Health: -3/29      AC:  6    Str: 10    XL:     5   Next: 39%
Magic:  7/7        EV: 11    Int: 14    God:
Gold:   100        SH:  0    Dex: 18    Spells: 4/4 levels left

rFire   . . .        Y - +2 shortbow
rCold   . . .        (shield currently unavailable)
rNeg    . . .        g - +0 ring mail
rPois   .            j - +0 helmet
rElec   .            (no cloak)
rCorr   .            (no gloves)
SInv    .            (no boots)
Will    .....        (no amulet)
Stlth   +            (no ring)
HPRegen 0.24/turn    (no ring)
MPRegen 0.10/turn

%: no passive effects
@: about to teleport
A: no striking features
a: no special abilities


You were on level 3 of the Dungeon.
You visited 1 branch of the dungeon, and saw 3 of its levels.

You collected 100 gold pieces.


   Skills:
 - Level 1.5 Fighting
 + Level 8.9 Ranged Weapons
 - Level 2.4 Dodging
 - Level 1.2 Stealth


You had 4 spell levels left.
You didn't know any spells.
Your spell library was empty.

Inventory:

Hand Weapons
 Y - a +2 shortbow (weapon)
Armour
 g - a +0 ring mail (worn)
 j - a +0 helmet (worn)
Scrolls
 a - a scroll of teleportation
 c - a scroll of vulnerability {unknown}
 f - a scroll of identify
Potions
 b - a potion of degeneration {unknown}
 d - a potion of heal wounds {unknown}
 h - a potion of cancellation
 i - a potion of might {unknown}

Dungeon Overview and Level Annotations

Branches:
Dungeon (3/15)

Altars:

Annotations:
D:2 1 runed translucent door, Crazy Yiuf
D:3 Terence


Message History

Ijyb zaps a wand.
You struggle to resist.
You shoot an arrow. The arrow closely misses Ijyb.
The rat bites you but does no damage. Ijyb hits you with a +0 dagger.
You shoot an arrow. The arrow completely misses Ijyb.
The rat barely misses you. Ijyb hits you with a +0 dagger.
You shoot an arrow. The arrow hits Ijyb but does no damage.
Ijyb is heavily wounded.
The rat barely misses you. Ijyb hits you with a +0 dagger.
You shoot an arrow. The arrow hits Ijyb.
Ijyb is severely wounded.
The rat completely misses you.
Terence hits you from afar with a +0 trident.
Ijyb barely misses you.
You shoot an arrow. The arrow hits Ijyb but does no damage.
Ijyb is severely wounded.
The rat bites you but does no damage.
Terence hits you from afar with a +0 trident.
Ijyb hits you with a +0 dagger. The quokka barely misses you.
You shoot an arrow. The arrow hits Ijyb!
You kill Ijyb!
The rat bites you. The quokka barely misses you.
Terence hits you from afar with a +0 trident.
You shoot an arrow. The arrow hits the quokka!
You kill the quokka!
Terence closely misses you. The rat bites you.
The rat bites you but does no damage. Terence misses you.
You shoot an arrow.
The arrow hits the rat but does no damage.
The rat closely misses you. Terence barely misses you.
You shoot an arrow. The arrow hits the rat!
You kill the rat!
Terence hits you from afar with a +0 trident!
1879 ||| READING 2 scrolls of teleportation.
As you read the scroll of teleportation, it crumbles to dust.
You feel strangely unstable. Terence looks scornfully at you.
Terence hits you from afar with a +0 trident.
You shoot an arrow. The arrow closely misses Terence.
Terence hits you from afar with a +0 trident.
You die...

... .... ......# #
#.....### .# ##
..#....## ####.## #.
#.#.....##....... #.
#...#............ #.
#..##..#.![$....
##.####..##....%......
#.....#.......@)......
#.....##.......)......
#..<......####@...)...
#......%.## .....)...
#.....##.........##..#
#....^##..##.....# ..
#.######..# .....# .
... ....#...... .###
.....


You could see Terence.

Vanquished Creatures
  An orc priest (D:3)
  Ijyb (D:3)
  Natasha (thrice) (D:2)
  3 dart slugs
  2 orcs (D:3)
  5 ball pythons
  4 bats
  6 endoplasms
  3 giant cockroaches
  7 goblins
  3 hobgoblins
  5 kobolds
  3 quokkas
  2 frilled lizards
  4 rats
52 creatures vanquished.

Notes
Turn   | Place    | Note
-------+----------+-------------------------------------------
     0 | D:1      | qw the Deep Elf Hunter began the quest for the Orb.
     0 | D:1      | Reached XP level 1. HP: 12/12 MP: 3/3
     0 | D:1      | 0 ||| qw: Version: 0.3-a-9-g12657ce
     0 | D:1      | 0 ||| qw: Game counter: 1758
     0 | D:1      | 0 ||| qw: Always use a shield: true
     0 | D:1      | 0 ||| qw: God list: Okawaru
     0 | D:1      | 0 ||| qw: Allow faded altars: false
     0 | D:1      | 0 ||| qw: Do Orc after D:15 true
     0 | D:1      | 0 ||| qw: Do second Lair branch before Depths: true
     0 | D:1      | 0 ||| qw: Lair rune preference: random
     0 | D:1      | 0 ||| qw: Plans: Normal
     0 | D:1      | 0 ||| PLANNING D:1-11
   130 | D:1      | Reached XP level 2. HP: 14/16 MP: 4/4
   178 | D:1      | Reached skill level 6 in Ranged Weapons
   792 | D:1      | 792 ||| UPGRADING to +0 helmet.
   797 | D:1      | 797 ||| READING scroll labelled NIAJAE ITEAL.
   798 | D:1      | 798 ||| READING scroll labelled LUTIMO CUNNUES.
   799 | D:1      | 799 ||| READING scroll labelled WAODOE JYREHEI.
   800 | D:1      | 800 ||| READING scroll labelled JAEPLI ALOCK.
   804 | D:1      | 804 ||| READING scroll labelled PYFRUU INGIUST.
   805 | D:1      | 805 ||| DROPPING scroll of butterflies.
   826 | D:2      | Reached XP level 3. HP: 20/20 MP: 5/5
   876 | D:2      | 876 ||| READING scroll of enchant weapon.
   876 | D:2      | 876 ||| ENCHANTING +1 shortbow.
   877 | D:2      | Noticed Natasha
   892 | D:2      | Killed Natasha
   893 | D:2      | Reached skill level 7 in Ranged Weapons
   964 | D:2      | Noticed Natasha
   970 | D:2      | Killed Natasha
   971 | D:2      | Reached XP level 4. HP: 25/25 MP: 6/6
  1133 | D:2      | Found a runed translucent door.
  1134 | D:2      | Noticed Crazy Yiuf
  1268 | D:2      | Noticed Natasha
  1278 | D:2      | Killed Natasha
  1279 | D:2      | Reached skill level 8 in Ranged Weapons
  1335 | D:2      | Found a faded altar of an unknown god.
  1744 | D:2      | 1744 ||| UPGRADING to +0 ring mail.
  1754 | D:2      | 1754 ||| DROPPING +0 leather armour.
  1755 | D:2      | 1755 ||| READING scroll labelled VYERACZ WOLAW.
  1756 | D:2      | 1756 ||| READING scroll labelled RUTTYO MAOMO.
  1757 | D:2      | 1757 ||| DRINKING 2 glowing sapphire potions.
  1857 | D:3      | Reached XP level 5. HP: 29/29 MP: 7/7
  1862 | D:3      | Noticed Ijyb
  1868 | D:3      | Noticed Terence
  1875 | D:3      | Killed Ijyb
  1878 | D:3      | HP: 3/29 [Terence/+0 trident (7)]
  1879 | D:3      | 1879 ||| READING 2 scrolls of teleportation.
  1879 | D:3      | HP: 1/29 [Terence/+0 trident (2)]
  1880 | D:3      | Slain by Terence

Levels and vault maps discovered:
D:1:      matt_arrival_spirals, layout_basic
D:2:      layout_basic, shapermc_ecumenical_altar_mp_ritualfount,
          uniq_crazy_yiuf_cottage, uniq_natasha
D:3:      layout_rooms, general_overflow_altar, uniq_ijyb, uniq_terence

Skill      XL: |  1  2  3  4 |
---------------+-------------+-----
Ranged Weapons | 6 7 8 |  8.9
Fighting       | |  1.5
Dodging        | |  2.4
Stealth        | |  1.2

Action                     |  1- 3 |  4- 6 || total
---------------------------+-------+-------++-------
   Fire: Shortbow          |    68 |    70 ||   138
    Use: Scroll            |     6 |     3 ||     9
         Potion            |       |     1 ||     1
 Armour: Leather armour    |     2 |     6 ||     8
         Ring mail         |       |     5 ||     5
  Dodge: Dodged            |     7 |    24 ||    31

Table legend:
 A = Non-vault XP
 B = Vault XP
 C = Vault XP percentage of total XP
 D = Non-vault monster count
 E = Vault monster count
 F = Vault count percentage of total count
                 A         B        C        D         E       F
            +---------+---------+-------+---------+---------+-------
      Total |     198 |      70 |  26.1 |      50 |       2 |   3.8
            +---------+---------+-------+---------+---------+-------
        D:1 |      39 |       0 |   0.0 |      19 |       0 |   0.0
        D:2 |     104 |      35 |  25.2 |      23 |       1 |   4.2
        D:3 |      55 |      35 |  38.9 |       8 |       1 |  11.1
            +---------+---------+-------+---------+---------+-------
